 Dungeon Crawl Stone Soup version 0.18.1-50-g88ac8fd (webtiles) character file.

408 magog001 the Shield-Bearer (level 6, -13/51 HPs)
             Began as a Centaur Fighter on Mar 27, 2017.
             Mangled by an ogre
             ... wielding a +0 giant spiked club
              (15 damage)
             ... on level 4 of the Dungeon.
             The game lasted 00:38:43 (4734 turns).

magog001 the Shield-Bearer (Centaur Fighter)        Turns: 4734, Time: 00:38:44

Health: -13/51     AC:  9    Str: 21    XL:     6   Next: 57%
Magic:  15/15      EV:  2    Int:  7    God:
Gold:   193        SH:  9    Dex:  8    Spells: 0 memorised, 5 levels left

rFire  . . .     SeeInvis .     u - +1 trident (vamp)
rCold  . . .     Gourm    .     k - +0 plate armour
rNeg   . . .     Faith    .     c - +0 shield
rPois  .         Spirit   .     (no helmet)
rElec  .         Dismiss  .     (no cloak)
rCorr  .         Reflect  .     (no gloves)
SustAt .         Harm     .     (no barding)
MR     .....                    (no amulet)
Stlth  ..........               (no ring)
                                t - ring of magical power

@: very quick, not resistant to hostile enchantments, extremely unstealthy
A: hooves 3, deformed body, speed 2, tough skin 3
a: no special abilities


You were on level 4 of the Dungeon.
You were not hungry.

You visited 1 branch of the dungeon, and saw 4 of its levels.
You also visited: Ossuary.

You collected 193 gold pieces.

Inventory:

Hand Weapons
 a - a +0 war axe
 u - a +1 vampiric trident (weapon)
Missiles
 i - 34 bolts
 m - 39 arrows
Armour
 b - a +0 scale mail
 c - a +0 shield (worn)
 k - a +0 plate armour (worn)
Jewellery
 t - a ring of magical power (left hand)
Scrolls
 g - a scroll of magic mapping
 h - a scroll of fear
 l - 3 scrolls of identify
 p - 2 scrolls of remove curse
Potions
 d - 2 potions of might
 e - a potion of haste
 f - a potion of ambrosia
Comestibles
 j - 12 chunks of flesh


   Skills:
 * Level 3.5 Fighting
 + Level 2.1(2.3) Axes
 + Level 1.2(1.9) Polearms
 * Level 3.5 Armour
 + Level 1.8 Dodging
 + Level 0.2 Stealth
 * Level 3.6 Shields


You had 5 spell levels left.
You didn't know any spells.

Dungeon Overview and Level Annotations

Branches:
Dungeon (4/15)
 Temple: D:4-7

Altars:
Zin


Innate Abilities, Weirdness & Mutations

You have hooves in place of feet.
Armour fits poorly on your strangely shaped body.
You cover ground very quickly.
You have extremely tough skin (AC +3).


Message History

The ogre is heavily wounded.
You block the ogre's attack.
You hit the ogre. You kick the ogre, but do no damage.
The ogre is heavily wounded.
You block the ogre's attack. The giant cockroach barely misses you.
You puncture the ogre!
The ogre is almost dead.
You block the giant cockroach's attack.
The ogre hits you with a giant spiked club!!
Ouch! That really hurt!
Your plate armour prevents you from hitting the ogre.
The ogre is almost dead.
The giant cockroach bites you but does no damage.
The ogre hits you with a giant spiked club!!
* * * LOW HITPOINT WARNING * * *
The giant cockroach bites you but does no damage.
You hit the giant cockroach but do no damage.
You block the giant cockroach's attack.
The ogre hits you with a giant spiked club!
You die...

#.....#........#..>....'..
#.....###.##...#.......#..
#.......#.##...#......##..
#.......#......#......#...
#.......#......#<.....#...
#.......#......#......#...
#.......########......#+##
#.........O.........
#........@s.......
#.................
#.........?.......
#............(....
........#########'#
........+ . ....... ......
...


You could see an ogre and a giant cockroach.

Vanquished Creatures
  A crimson imp (D:4)
  A hound (D:4)
  An iguana (D:4)
  A worker ant (D:3)
  6 big kobold zombies (Ossuary)
  A mummy (Ossuary)
  A howler monkey skeleton (D:4)
  3 adders
  3 oozes
  2 worms (D:2)
  6 dart slugs
  2 giant geckos
  6 orcs
  3 spectral bats (Ossuary)
  2 giant cockroaches
  5 gnoll zombies (Ossuary)
  3 goblins (D:2)
  8 hobgoblins
  8 kobolds
  2 quokkas (D:2)
  5 bats
  5 bat simulacra (Ossuary)
  4 giant newts
  2 goblin simulacra (Ossuary)
  3 goblin zombies (Ossuary)
  4 hobgoblin zombies (Ossuary)
  5 kobold simulacra (Ossuary)
  4 kobold zombies (Ossuary)
  6 orc zombies (Ossuary)
  A quokka skeleton (D:4)
  7 rats
  4 rat simulacra (Ossuary)
  8 spectral goblins (Ossuary)
  2 spectral kobolds (Ossuary)
  7 spectral rats (Ossuary)
132 creatures vanquished.

Vanquished Creatures (others)
  A gnoll zombie (Ossuary)
1 creature vanquished.

Grand Total: 133 creatures vanquished

Notes
Turn   | Place    | Note
--------------------------------------------------------------
     0 | D:1      | magog001 the Centaur Fighter began the quest for the Orb.
     0 | D:1      | Reached XP level 1. HP: 19/19 MP: 1/1
    25 | D:1      | You fall through a shaft!
   164 | D:1      | Reached XP level 2. HP: 19/26 MP: 2/2
   589 | D:1      | Reached XP level 3. HP: 22/31 MP: 3/3
  1695 | D:2      | Reached XP level 4. HP: 38/38 MP: 4/4
  2161 | D:3      | Reached skill level 1 in Dodging
  3226 | D:4      | Found a glowing silver altar of Zin.
  3252 | D:4      | Reached XP level 5. HP: 45/45 MP: 5/5
  3354 | D:4      | Found a sand-covered staircase.
  3363 | Ossuary  | Entered an ossuary
  4008 | Ossuary  | Reached skill level 1 in Polearms
  4008 | Ossuary  | Reached XP level 6. HP: 11/51 MP: 6/6
  4732 | D:4      | HP: 2/51 [ogre/giant spiked club (21)]
  4734 | D:4      | Mangled by an ogre

Skill      XL: |  1  2  3  4  5 |
---------------+----------------+-----
Dodging        | 1 |  1.8
Shields        | 3 |  3.6
Axes           | 2 |  2.1
Armour         | 3 |  3.5
Polearms       | 1 |  1.2
Fighting       | |  3.5
Stealth        | |  0.2

Action                   |  1- 3 |  4- 6 || total
-------------------------+-------+-------++-------
Melee: War axe           |   120 |    80 ||   200
       Kick              |    23 |    82 ||   105
       Trident           |       |   267 ||   267
  Use: Potion            |     1 |     3 ||     4
       Scroll            |       |    15 ||    15
  Eat: Beef jerky        |     1 |     1 ||     2
       Chunk             |       |     4 ||     4
       Bread ration      |       |     1 ||     1
       Pizza             |       |     1 ||     1
       Meat ration       |       |     1 ||     1
Armor: Scale mail        |    45 |   142 ||   187
       Plate armour      |       |     5 ||     5
Dodge: Dodged            |    30 |    84 ||   114
Block: Shield            |    57 |   150 ||   207
